 Dungeon Crawl Stone Soup version 0.22-a0-223-g0f5d773 (webtiles) character file.

389 RoseArtemis the Skirmisher (level 6, -8/40 HPs)
             Began as a Gargoyle Fighter on Feb 18, 2018.
             Was a Follower of Okawaru.
             Killed from afar by Tovarisch's ghost (26 damage)
             ... with a flame tongue
             ... on level 4 of the Dungeon.
             The game lasted 00:22:02 (3346 turns).

RoseArtemis the Skirmisher (Gargoyle Fighter)       Turns: 3346, Time: 00:22:03

Health: -8/40      AC: 19    Str: 22    XL:     6   Next: 79%
Magic:  0/6        EV: 11    Int:  8    God:    Okawaru [*.....]
Gold:   194        SH: 11    Dex:  9    Spells: 5/5 levels left

rFire    x . .     SeeInvis .   i - +0 short sword (freeze)
rCold    + . .     Gourm    .   c - +0 shield
rNeg     + . .     Faith    .   b - +0 scale mail
rPois    ∞         Spirit   +   (no helmet)
rElec    +         Reflect  .   (no cloak)
rCorr    .         Harm     .   (no gloves)
MR       .....                  (no boots)
Stlth    +.........             v - amulet of guardian spirit
HPRegen  0.13/turn              l - ring of ice
MPRegen  0.10/turn              u - +6 ring of protection

@: heroism
A: negative energy resistance 1, electricity resistance, unbreathing,
petrification resistance, rot immunity, AC +4
a: Heroism, Renounce Religion


You were on level 4 of the Dungeon.
You worshipped Okawaru.
Okawaru was aware of your devotion.
You were not hungry.

You visited 2 branches of the dungeon, and saw 5 of its levels.

You collected 194 gold pieces.

Inventory:

Hand Weapons
 a - a +0 flail
 i - a +0 short sword of freezing (weapon)
 o - a +0 mace
Missiles
 e - 87 sling bullets
 g - 190 stones (quivered)
Armour
 b - a +0 scale mail (worn)
 c - a +0 shield (worn)
 n - a +0 chain mail
 y - a +0 scale mail
Jewellery
 l - a ring of ice (left hand)
 q - an uncursed amulet of harm
 u - a +6 ring of protection (right hand)
 v - an amulet of guardian spirit (around neck)
 x - an uncursed amulet of the acrobat {unknown}
Wands
 C - a wand of digging (13)
Scrolls
 h - 2 scrolls of amnesia {unknown}
 m - 2 scrolls of teleportation {unknown}
 r - a scroll of remove curse {unknown}
 t - a scroll of enchant weapon {unknown}
Potions
 d - 3 potions of might
 j - a potion of cancellation {unknown}
 k - a potion of heal wounds {unknown}
 p - a potion of brilliance {unknown}
 s - a potion of ambrosia {unknown}
 w - a potion of magic {unknown}
 z - 2 potions of curing
 A - a potion of invisibility {unknown}
 B - a potion of haste {unknown}
 D - a potion of agility {unknown}
Comestibles
 f - 4 rations


   Skills:
 + Level 4.8(9.8) Fighting
 * Level 3.1(8.1) Short Blades
 - Level 2.6(7.6) Maces & Flails
 + Level 4.7(9.7) Armour
 - Level 4.1(9.1) Shields
 + Level 1.2 Invocations


You had 5 spell levels left.
You didn't know any spells.

Dungeon Overview and Level Annotations

Branches:
Dungeon (4/15)             Temple (1/1) D:4

Altars:
Ashenzari
Cheibriados
Dithmenos
Elyvilon
Fedhas
Hepliaklqana
Makhleb
Okawaru
Qazlal
Sif Muna
Uskayaw
Vehumet
Xom
The Shining One

Shops:
D:4 [

Annotations:
D:4 Tovarisch's ghost, novice GnWn


Innate Abilities, Weirdness & Mutations

You are resistant to torment.
Your stone body is resilient. (AC +4)
You are immune to poison.
You resist negative energy. (rN+)
You are resistant to electric shocks. (rElec)
You can survive without breathing.
You are immune to petrification.
You are immune to rotting.


Message History

Tovarisch's ghost hits you.
You gain the combat prowess of a mighty hero.
Tovarisch's ghost gestures at you while chanting.
You block the flame tongue.
You hit Tovarisch's ghost but do no damage.
Tovarisch's ghost is lightly damaged.
You block Tovarisch's ghost's attack.
You completely miss Tovarisch's ghost.
Tovarisch's ghost is lightly damaged.
You hit Tovarisch's ghost but do no damage.
Tovarisch's ghost is lightly damaged.
Tovarisch's ghost hits you but does no damage.
You closely miss Tovarisch's ghost.
Tovarisch's ghost is lightly damaged.
Tovarisch's ghost casts a spell at you. The flame tongue hits you!
The fire burns you terribly!
Tovarisch's ghost points at you and mumbles some strange words.
The flame tongue hits you! The fire burns you terribly!
Ouch! That really hurt!
You die...

#######
############.....#
#......#...#.....#
#.<....#...#.....#
#>....>'...#.....#
#......#W..'.....#
#......#...#.....###
#......#@..#.......#
#......#...#.......#
#......#...#.).....#
#......#...#.......#
#......#...#.......###
#
#.....##...###+##....#
#
#.....##....#...#....#
#
#......#....#...#....#
#
#......'....#...#....#
#


You could see Tovarisch's ghost.

Vanquished Creatures
  A centaur (D:3)
  A scorpion (D:4)
  A howler monkey (D:4)
  A centaur skeleton (D:4)
  A hound (D:4)
  2 worker ants (D:4)
  5 adders
  2 oozes
  4 worms
  3 dart slugs
  2 leopard geckos
  5 giant cockroaches
  5 goblins
  5 hobgoblins
  4 quokkas
  6 bats
  6 frilled lizards
  5 kobolds
  8 rats
67 creatures vanquished.

Notes
Turn   | Place    | Note
-------+----------+-------------------------------------------
     0 | D:1      | RoseArtemis the Gargoyle Fighter began the quest for the Orb.
     0 | D:1      | Reached XP level 1. HP: 14/14 MP: 1/1
   267 | D:1      | Reached XP level 2. HP: 19/19 MP: 2/2
   960 | D:2      | Reached XP level 3. HP: 23/23 MP: 3/3
  1093 | D:2      | Found a radiant altar of Vehumet.
  1702 | D:3      | Reached XP level 4. HP: 29/29 MP: 4/4
  1889 | D:3      | Found a shadowy altar of Dithmenos.
  1893 | D:3      | Found an iron altar of Okawaru.
  1899 | D:3      | Became a worshipper of Warmaster Okawaru
  1949 | D:3      | Noticed a centaur
  1974 | D:3      | Found a hide-covered altar of Uskayaw.
  1987 | D:3      | Killed a centaur
  1987 | D:3      | Reached skill level 1 in Short Blades
  1987 | D:3      | Reached XP level 5. HP: 25/33 MP: 5/5
  2337 | D:4      | Found Feonofod's Antique Armour Emporium.
  2392 | D:4      | Found a blossoming altar of Fedhas.
  2429 | D:4      | Reached XP level 6. HP: 39/39 MP: 6/6
  2513 | D:4      | Found a staircase to the Ecumenical Temple.
  2524 | D:4      | Reached * piety under Okawaru
  2549 | Temple   | Entered the Ecumenical Temple
  2754 | D:4      | Reached skill level 1 in Invocations
  3165 | D:4      | Noticed Tovarisch's ghost (novice GnWn)
  3346 | D:4      | Killed from afar by Tovarisch's ghost

Vault maps used:
D:1:      enne_arrival_octagon_isle, minmay_misc_feat_four_crosses
D:2:      fiery_altar_vehumet, minivault_19, kennysheep_doodads, st_stairs_14,
          hex_medium
D:3:      minitemple, eat_drink_and_be_merry_uskayaw, serial_park_tiny_1
D:4:      lemuel_coloured_pillars_altar, kennysheep_little_box, temple_pool_b,
          serial_shops, shop
Temple:   nicolae_temple_figure_zero

Skill      XL: |  1  2  3  4  5  6 |
---------------+-------------------+-----
Fighting       | 4 |  4.8
Short Blades   | 1 2 3 |  3.1
Armour         | 4 |  4.7
Shields        | 4 |  4.1
Invocations    | 1 |  1.2
Maces & Flails | |  2.6

Action                   |  1- 3 |  4- 6 || total
-------------------------+-------+-------++-------
Melee: Flail             |   155 |       ||   155
       Short sword       |       |   178 ||   178
Throw: Stone             |    44 |     5 ||    49
Invok: Heroism           |       |     3 ||     3
  Use: Scroll            |       |     6 ||     6
  Eat: Chunk             |     2 |     6 ||     8
Armor: Scale mail        |    82 |    81 ||   163
Dodge: Dodged            |    52 |    46 ||    98
Block: Shield            |    84 |    80 ||   164

Table legend:
 A = Spawn XP
 B = Non-spawn XP
 C = Spawn XP percentage of total XP
 D = Spawn monster count
 E = Non-spawn monster count
 F = Spawn count percentage of total count
 G = Total turns spent on level
                    A         B        C        D         E        F      G
               +---------+---------+-------+---------+---------+-------+---------
         Total |       0 |     557 |   0.0 |       0 |      67 |   0.0 |  3346
               +---------+---------+-------+---------+---------+-------+---------
           D:1 |       0 |      21 |   0.0 |       0 |      13 |   0.0 |   778
           D:2 |       0 |      59 |   0.0 |       0 |      24 |   0.0 |   882
           D:3 |       0 |     170 |   0.0 |       0 |      16 |   0.0 |   729
           D:4 |       0 |     307 |   0.0 |       0 |      14 |   0.0 |   839
               +---------+---------+-------+---------+---------+-------+---------
